Cogmind - Beta 9.6 @@@ ROGUE MODE // 2020.06.07 @ 22:22:17 Player: Ari Result: Self-destructed Performance ------------- Evolutions (3) 1500 Regions Visited (6) 1200 Robots Destroyed (67) 335 Value Destroyed (2047) 2047 Prototype IDs (23) 460 Alien Tech Used (0) 0 Bonus (339) 339 TOTAL SCORE: 5881 Bonus ------- Follower Combat Kills 68 Aligned with FarCom 300 Friendly Fire -29 Cogmind --------- Core Integrity 212/700 Matter 85/300 Energy 60/100 System Corruption 9% Temperature Cool (9) Movement Treading (166) Location -7/Factory Parts ------- > --- POWER (2) -------- (None) > --- PROPULSION (3) --- Armored Treads Armored Treads Medium Treads > --- UTILITY (6) ------ Medium Storage Unit Improved Signal Interpreter System Shield > --- WEAPON (2) ------- Remote Datajack > --- INVENTORY (8) ---- Light Nuclear Core Advanced Heat Sink Maneuvering Thrusters Hardlight Generator Peak State ------------ > --- POWER ------------ Light Deuterium Engine Light Angular Momentum Engine > --- PROPULSION ------- Gravmag System Gravmag System Cooled Airjet > --- UTILITY ---------- Medium Storage Unit Advanced Weight Redist. System Improved Signal Interpreter Maneuvering Thrusters System Shield System Shield > --- WEAPON ----------- Advanced Assault Cannon Advanced Assault Cannon > --- INVENTORY -------- Gravmag System Improved ECM Suite Hardlight Generator Improved EM Pulse Cannon Heavy Ion Cannon Remote Datajack Greatsword [Rating: 47] Favorites ----------- Power Light Ion Engine Engine Light Ion Engine Power Core Light Nuclear Core Propulsion Aluminum Leg Treads Light Treads Leg Aluminum Leg Wheel Compact Wheel Hover Unit Gravmag System Utility Large Storage Unit Device Improved ECM Suite Storage Large Storage Unit Processor Improved Signal Interpreter Hackware System Shield Protection Medium Armor Plating Weapon Autogun Energy Gun AWS/Thermal Energy Cannon Heavy Ion Cannon Ballistic Gun Autogun Ballistic Cannon Advanced Assault Cannon Launcher Mini Grenade Launcher Special Weapon Remote Datajack Slashing Weapon Greatsword Special Melee Weapon Improved Datajack Build | -11 -10 -10 -10 -9 -8 -7 ------- Run | Scr Mat Min Exi Min Mat Fac Slots Evolved 6 | . . . . . 4 2 Power 1 | . . . . . . 1 Propulsion 1 | . . . . . 1 . Utility 4 | . . . . . 3 1 Weapon . | . . . . . . . Parts Attached 78 | 7 10 4 1 1 18 37 Power 12 | 1 2 . . 1 2 6 Engine 10 | 1 2 . . 1 2 4 Core 2 | . . . . . . 2 Reactor . | . . . . . . . Propulsion 26 | 2 3 3 . . 6 12 Treads 7 | 2 2 . . . . 3 Leg 10 | . . 2 . . 5 3 Wheel 4 | . 1 1 . . 1 1 Hover 5 | . . . . . . 5 Flight . | . . . . . . . Utility 17 | 2 2 . . . 5 8 Device 6 | . . . . . 2 4 Storage 6 | 2 2 . . . . 2 Processor 1 | . . . . . 1 . Hackware 2 | . . . . . 1 1 Protection 2 | . . . . . 1 1 Artifact . | . . . . . . . Weapon 23 | 2 3 1 1 . 5 11 Energy Gun 3 | 1 1 . 1 . . . Energy Cannon 1 | . . . . . . 1 Ballistic Gun 7 | 1 2 1 . . 3 . Ballistic Cannon 8 | . . . . . 2 6 Launcher 1 | . . . . . . 1 Special Weapon 1 | . . . . . . 1 Impact Weapon . | . . . . . . . Slashing Weapon 1 | . . . . . . 1 Piercing Weapon . | . . . . . . . Special Melee Weapon 1 | . . . . . . 1 Unidentified Prototypes 1 | . . . . . . 1 Parts Lost 28 | . 2 2 . . 8 16 Power 7 | . 1 . . . 2 4 Propulsion 10 | . 1 1 . . 3 5 Utility 7 | . . . . . 2 5 Weapon 4 | . . 1 . . 1 2 Highest Loss Streak 6 | . 2 2 . . 2 6 Average Slot Usage (%) 91 | . 96 97 91 85 87 91 Engine 10 | . 13 14 14 14 8 9 Core 1 | . . . . . . 4 Treads 5 | . 25 1 . . . . Leg 9 | . . 12 14 14 15 6 Wheel 4 | . . 12 14 14 6 1 Hover 2 | . . . . . . 8 Device 7 | . . . . . 14 10 Storage 19 | . 28 28 28 28 18 11 Processor 4 | . . . . . 9 7 Hackware 4 | . . . . . . 13 Energy Gun 4 | . 10 . 7 14 4 . Ballistic Gun 8 | . 17 27 12 . 7 . Ballistic Cannon 3 | . . . . . . 11 Naked Turns . | . . . . . . . Heaviest Build 62 | 16 43 41 43 47 54 62 Greatest Support 48 | 40 40 20 16 16 42 48 Greatest Overweight (x) 16 | . 2 2 2 2 16 2 Average Overweight (x) 1 | . . 2 2 2 2 . Largest Inventory Capacity 16 | 8 16 16 16 16 16 16 Average Capacity 14 | 6 15 16 16 16 16 12 Most Carried 16 | 7 16 16 16 16 16 16 Average Carried 13 | 4 14 14 15 16 15 11 Final Capacity 16 | 8 16 16 16 16 16 8 Final Carried 16 | 7 16 16 16 16 14 4 Class Distribution -------------------- 67% | Mutant 27% | Hacker-Mutant 5% | Scavenger-Mutant Dominant Class ---------------- Mutant | -10/Materials Mutant | -10/Mines Mutant | -10/Exiles Mutant | -9/Mines Mutant | -8/Materials Hacker-Mutant | -7/Factory Resources | -11 -10 -10 -10 -9 -8 -7 ----------- Run | Scr Mat Min Exi Min Mat Fac Matter Collected 1721 | 279 289 29 . 84 473 567 Remotely . | . . . . . . . Salvage Created 2695 | 100 545 45 . 59 1275 671 Parts 142 | 2 35 4 . 8 54 39 Haulers Intercepted 1 | . 1 . . . . . Recyclers Shooed 5 | . 3 . . . . 2 Parts Field Recycled . | . . . . . . . Retrieved Matter . | . . . . . . . Parts Self-Destructed . | . . . . . . . Prevented . | . . . . . . . Kills | -11 -10 -10 -10 -9 -8 -7 ------- Run | Scr Mat Min Exi Min Mat Fac Combat Hostiles Destroyed 54 | . 14 3 . 4 24 9 Melee 3 | . . . . . . 3 Guns 45 | . 14 3 . 4 24 . Cannons 6 | . . . . . . 6 Classes Destroyed 12 | 1 5 . . . 4 2 Worker 4 | . 1 . . . 2 1 Hauler 1 | . 1 . . . . . Recycler 6 | 1 1 . . . . 4 Operator 1 | . . . . . 1 . Watcher 1 | . 1 . . . . . Swarmer 16 | . 9 3 . 4 . . Grunt 25 | . 5 . . . 17 3 Brawler 1 | . . . . . . 1 Duelist 1 | . . . . . 1 . Sentry 8 | . . . . . 5 3 Hunter 1 | . . . . . 1 . Programmer 2 | . . . . . . 2 Best Kill Streak 6 | 1 6 3 . 3 4 2 Combat Bots Only 6 | . 6 3 . 3 4 2 Max Kills in Single Turn 2 | 1 2 1 . 1 1 1 Gunslinging 1 | . 1 . . . . . Exploded . | . . . . . . . Melee 1 | . . . . . . 1 Uniques/NPCs Destroyed . | . . . . . . . Combat | -11 -10 -10 -10 -9 -8 -7 -------- Run | Scr Mat Min Exi Min Mat Fac Damage Taken 4875 | . 745 204 . 191 1266 2469 Core 915 | . 145 26 . 35 221 488 Absorbed by Shields . | . . . . . . . Core Remaining (%) 58 | 100 . . . 17 59 . Volleys Fired 144 | 3 45 10 . . 43 43 Largest 2 | 2 2 2 . . 2 2 Hottest 96 | 60 60 46 . . 48 96 Shots Fired 364 | 6 90 20 . 25 138 85 Gun 279 | 6 90 20 . 25 138 . Cannon 85 | . . . . . . 85 Launcher . | . . . . . . . Special . | . . . . . . . Kinetic 254 | 3 60 20 . . 86 85 Thermal 89 | 3 9 . . 25 52 . Explosive . | . . . . . . . Electromagnetic 21 | . 21 . . . . . Robot Hit Streak 22 | 2 22 3 . 4 19 9 Robot Miss Streak 4 | 2 3 4 . 4 3 3 Penetration Max . | . . . . . . . Secondary Targets 3 | . 1 1 . . 1 . Max Gunslinging Chain 1 | . 1 1 . . 1 . Autonomous 78 | . . . . 25 53 . Shots Hit Robots 260 | 4 57 9 . 15 106 69 Core Hits 106 | 2 22 3 . 5 47 27 Critical Hits 2 | . . 1 . . . 1 Critical Kills 1 | . . 1 . . . . Critical Parts Destroyed 1 | . . . . . . 1 Melee Attacks 28 | . . . . . . 28 Impact . | . . . . . . . Slashing 21 | . . . . . . 21 Piercing . | . . . . . . . Sneak Attacks 4 | . . . . . . 4 Combat Hostiles . | . . . . . . . Follow-up Attacks . | . . . . . . . Damage Inflicted 6403 | 53 746 192 . 515 2436 2461 Guns 3728 | 53 696 160 . 487 2332 . Cannons 1472 | . . . . . . 1472 Explosions . | . . . . . . . Melee 889 | . . . . . . 889 Ramming 314 | . 50 32 . 28 104 100 Kinetic 3132 | 30 471 160 . . 999 1472 Thermal 1895 | 23 52 . . 487 1333 . Explosive . | . . . . . . . Electromagnetic 173 | . 173 . . . . . Impact . | . . . . . . . Slashing 889 | . . . . . . 889 Piercing . | . . . . . . . Highest Corruption 9 | . . . . . 1 9 Average Corruption 2 | . . . . . 1 4 Corruption Purged . | . . . . . . . Effects 32 | . . . . . 7 25 Message Errors 9 | . . . . . 4 5 Matter Fused 6 | . . . . . . 6 Heat Flow Errors 4 | . . . . . . 4 Energy Discharges 2 | . . . . . . 2 Parts Rejected 1 | . . . . . . 1 Data Loss (minor) 6 | . . . . . 3 3 Targeting Errors 4 | . . . . . . 4 Overload Shots . | . . . . . . . Overflow Damage 409 | . 6 . . . 2 401 Projectiles 89 | . . . . . . 89 Explosions . | . . . . . . . Melee 320 | . 6 . . . 2 312 Knockbacks 19 | . . . . . 2 17 Impact 2 | . . . . . 2 . Kinetic 14 | . . . . . . 14 Secondary 3 | . . . . . . 3 Self-Inflicted Damage 114 | . . 16 . 13 46 39 Shots . | . . . . . . . Rammed 40 | . 4 2 . 6 10 18 Targets Rammed 42 | . 5 2 . 6 11 18 Kicked 1 | . . . . . 1 . Crushed 1 | . 1 . . . . . Highest Temperature 522 | . 30 12 . . 39 522 Average Temperature 105 | . 14 6 . . 11 156 Received Heat Transfer 1710 | . 201 . . 9 540 960 Effects 7 | . . . . . . 7 Shutdowns 2 | . . . . . . 2 Energy Bleed 2 | . . . . . . 2 Interference 1 | . . . . . . 1 Matter Decay 1 | . . . . . . 1 Short Circuit 1 | . . . . . . 1 Siege Activations . | . . . . . . . Robots Corrupted 1 | . 1 . . . . . Combat Hostiles . | . . . . . . . Parts Fried . | . . . . . . . Impact Corruptions 3 | . 1 . . . 1 1 Robots Melted . | . . . . . . . Combat Hostiles . | . . . . . . . Parts Melted 4 | . . . . . 4 . Heat Transferred 2506 | 50 125 . . 629 1702 . Parts Sabotaged . | . . . . . . . Parts Stolen . | . . . . . . . Parts Stripped . | . . . . . . . Power Chain Reactions . | . . . . . . . Missiles Intercepted . | . . . . . . . Alert | -11 -10 -10 -10 -9 -8 -7 ------- Run | Scr Mat Min Exi Min Mat Fac Peak Influence 335 | 5 183 182 . 201 335 234 Average Influence 92 | 2 64 91 . 163 116 81 Maximum Alert Level 1 | . . . . 1 1 1 Low Security (%) 85 | 100 100 100 . 30 80 88 Level 1 14 | . . . . 69 20 11 Level 2 . | . . . . . . . Level 3 . | . . . . . . . Level 4 . | . . . . . . . Level 5 . | . . . . . . . High Security . | . . . . . . . Max Security . | . . . . . . . Squads Dispatched 13 | . 1 . . . 6 6 Investigation 5 | . . . . . 4 1 Extermination 3 | . . . . . . 3 Reinforcement 5 | . 1 . . . 2 2 Assault . | . . . . . . . Garrison . | . . . . . . . Intercept . | . . . . . . . Construction Impeded 2 | . . . . . . 2 Haulers Reinforced . | . . . . . . . Stealth | -11 -10 -10 -10 -9 -8 -7 --------- Run | Scr Mat Min Exi Min Mat Fac Distress Signals 7 | . . . . . 4 3 Communications Jammed . | . . . . . . . Distress Signals . | . . . . . . . Times Spotted 130 | . 28 6 . 7 42 47 Peak Tracking Total 12 | . 9 3 . 5 6 12 Tactical Retreats 19 | . 2 . . . 5 12 Traps | -11 -10 -10 -10 -9 -8 -7 ------- Run | Scr Mat Min Exi Min Mat Fac Traps Triggered 7 | . 2 2 . . 1 2 Indirectly . | . . . . . . . Trap Hack Attempts . | . . . . . . . Triggered . | . . . . . . . Disarmed . | . . . . . . . Reprogrammed . | . . . . . . . Reused . | . . . . . . . Traps Extracted . | . . . . . . . Installed . | . . . . . . . Triggered . | . . . . . . . Machines | -11 -10 -10 -10 -9 -8 -7 ---------- Run | Scr Mat Min Exi Min Mat Fac Machines Disabled 4 | . 1 . . . 2 1 Max in Single Turn 1 | . 1 . . . 1 1 Garrison Access 2 | . . . . . 1 1 Machines Sabotaged . | . . . . . . . Garrisons Compromised . | . . . . . . . Overloaded Fab Kills . | . . . . . . . Fab Network Shutdowns . | . . . . . . . Hacking | -11 -10 -10 -10 -9 -8 -7 --------- Run | Scr Mat Min Exi Min Mat Fac Machines Accessed 26 | . 8 1 1 . 7 9 Terminals 20 | . 7 . . . 6 7 Fabricators 1 | . . . . . . 1 Repair Stations . | . . . . . . . Recycling Units 1 | . 1 . . . . . Scanalyzers . | . . . . . . . Garrison Access 2 | . . . . . 1 1 Total Hacks 77 | . 19 1 1 . 20 36 Successful 36 | . 13 1 1 . 8 13 Failed 40 | . 6 . . . 11 23 Catastrophic 10 | . . . . . 2 8 Database Lockouts 2 | . . . . . 2 . Manual 65 | . 19 1 1 . 18 26 Terminals 66 | . 18 . . . 18 30 Fabricators 3 | . . . . . . 3 Repair Stations . | . . . . . . . Recycling Units 1 | . 1 . . . . . Scanalyzers . | . . . . . . . Garrison Access 5 | . . . . . 2 3 Terminal Hacks 14 | . 4 1 1 . 3 5 Record 2 | . . . . . . 2 Part Schematic 3 | . 1 . . . 1 1 Open Door 1 | . . 1 . . . . Branch Access Points 2 | . 1 . . . 1 . Emergency Access Points 1 | . 1 . . . . . Terminal Index 1 | . 1 . . . . . Fabricator Index 1 | . . . . . . 1 Alert Level 2 | . . . . . 1 1 EX-Prototype ID Bank 1 | . . . 1 . . . Fabricator Hacks 1 | . . . . . . 1 Load Schematic 1 | . . . . . . 1 Repair Station Hacks . | . . . . . . . Recycling Unit Hacks 1 | . 1 . . . . . Report Inventory 1 | . 1 . . . . . Scanalyzer . | . . . . . . . Garrison Access Hacks 2 | . . . . . 1 1 Seal Access 2 | . . . . . 1 1 Unauthorized Hacks 17 | . 7 . . . 4 6 Terminals 17 | . 7 . . . 4 6 Assimilate 2 | . 1 . . . . 1 Botnet 15 | . 6 . . . 4 5 Fabricators . | . . . . . . . Repair Stations . | . . . . . . . Recycling Units . | . . . . . . . Scanalyzers . | . . . . . . . Garrison Access . | . . . . . . . Data Cores Recovered . | . . . . . . . Used . | . . . . . . . Hacking Detections 22 | . 7 . . . 6 9 Full Trace Events 4 | . 1 . . . 2 1 Feedback Events . | . . . . . . . Feedback Blocked . | . . . . . . . Robot Schematics Acquired . | . . . . . . . Robots Built . | . . . . . . . Matter . | . . . . . . . Time . | . . . . . . . Total Robot Build Rating . | . . . . . . . Part Schematics Acquired 3 | . 1 . . . 1 1 Parts Built . | . . . . . . . Matter . | . . . . . . . Time . | . . . . . . . Total Part Build Rating . | . . . . . . . Parts Repaired . | . . . . . . . Time . | . . . . . . . Parts Recycled . | . . . . . . . Recycled Matter . | . . . . . . . Retrieved Matter . | . . . . . . . Retrieved Components . | . . . . . . . Parts Scanalyzed . | . . . . . . . Part Schematics Acquired . | . . . . . . . Parts Damaged . | . . . . . . . Bothacking | -11 -10 -10 -10 -9 -8 -7 ------------ Run | Scr Mat Min Exi Min Mat Fac Used RIF Installer . | . . . . . . . Robots Hacked 3 | . . . . . . 3 Non-combat 3 | . . . . . . 3 Combat . | . . . . . . . Robot Hacks Applied 3 | . . . . . . 3 parse_system 1 | . . . . . . 1 no_distress 2 | . . . . . . 2 Relay Couplers Released . | . . . . . . . Robots Rewired . | . . . . . . . Allies Hacked . | . . . . . . . Hacks Repelled . | . . . . . . . Allies | -11 -10 -10 -10 -9 -8 -7 -------- Run | Scr Mat Min Exi Min Mat Fac Total Allies 3 | . . 3 . . . . Largest Group 3 | . . 3 3 3 2 . Highest-Rated Group 40 | . . 40 40 40 32 . Highest-Rated Ally 16 | . . 16 16 16 16 . Total Orders . | . . . . . . . Ally Attacks 37 | . . 6 . 18 13 . Total Damage 400 | . . 62 . 234 104 . Kills 7 | . . 3 . 4 . . Allies Corrupted . | . . . . . . . Allies Melted . | . . . . . . . Intel | -11 -10 -10 -10 -9 -8 -7 ------- Run | Scr Mat Min Exi Min Mat Fac Robot Analysis Total . | . . . . . . . Derelict Logs Recovered 1 | . . 1 . . . . Drone Launches . | . . . . . . . Drone Recoveries . | . . . . . . . Exploration | -11 -10 -10 -10 -9 -8 -7 ------------- Run | Scr Mat Min Exi Min Mat Fac Turns Passed 7253 | 122 1433 457 463 404 2055 2319 Spaces Moved 5200 | 65 700 338 384 328 1343 2042 Core 15 | 11 . . . . 4 . Treads 789 | 54 698 17 . . . 20 Legs 937 | . . . . . 531 406 Wheels 2316 | . 2 321 384 328 808 473 Hover 1143 | . . . . . . 1143 Flight . | . . . . . . . Fastest Speed 48 | 50 120 120 120 120 100 48 Average Speed 119 | 141 178 124 120 120 135 86 Slowest Speed 850 | 160 200 200 120 120 850 180 Overloaded Moves . | . . . . . . . Propulsion Burnouts . | . . . . . . . Robots Hopped . | . . . . . . . Cave-ins Triggered . | . . . . . . . Exploration Rate (%) 53 | 5 86 57 69 66 60 33 Regions Visited 6 Branch Regions 3 Pre-discovered Areas . | . . . . . . . Known Exits Taken 2 | . 1 . . . 1 . Unknown Exits Taken 4 | 1 . 1 1 1 . . Scrap Searched 1 | . . 1 . . . . Spaces Dug . | . . . . . . . Terrain Destroyed 19 | . . . . 6 5 8 Melee . | . . . . . . . Projectile 19 | . . . . 6 5 8 AOE . | . . . . . . . Actions | -11 -10 -10 -10 -9 -8 -7 --------- Run | Scr Mat Min Exi Min Mat Fac Total 5945 | 89 801 360 387 339 1498 2471 Wait 296 | . 14 . . . 51 231 Move 5194 | 64 699 337 383 327 1342 2042 Hop . | . . . . . . . Pick Up 96 | 14 18 5 . 2 21 36 Fast Attach 17 | 1 3 . 1 1 1 10 Attach 48 | 6 3 3 . . 14 22 Detach 2 | . 1 . 1 . . . Swap 13 | . 4 1 . . 3 5 Drop 65 | 1 9 2 2 3 12 36 Fire 144 | 3 45 10 . . 43 43 Melee 28 | . . . . . . 28 Ram 20 | . . 2 . 6 5 7 Kick 6 | . . . . . 6 . Crush 16 | . 5 . . . . 11 Escape Stasis . | . . . . . . . Rewire . | . . . . . . . Trap . | . . . . . . . Miscellaneous . | . . . . . . . Route ------- -11/Scrapyard -10/Materials (discovered 4 exits: [*Mat x3] / *Min) -10/Mines (discovered 2 exits: [*Mat] / *Exi) -10/Exiles (discovered 2 exits: [*Min x2]) -9/Mines -8/Materials (discovered 2 exits: *Fac x2) -7/Factory (discovered 1 exit: Sto) History --------- Turn | Location | Event 53 | -11/Scrapyard | Discovered new exit (range 16) 123 | -11/Scrapyard | Entered Materials 316 | -10/Materials | Build established: Mutant 576 | -10/Materials | Discovered new exit (range 4) 799 | -10/Materials | Discovered new exit (range 5) 876 | -10/Materials | Identified exit to Mines 1138 | -10/Materials | Discovered new exit (range 8) 1329 | -10/Materials | Core integrity fell below 50% 1556 | -10/Materials | Entered Mines 1567 | -10/Mines | Met a Derelict bent on vengeance 1710 | -10/Mines | Assisted by bots powering up and referring to "LRC-V3" 1865 | -10/Mines | Met a Derelict who couldn't figure out how to use a Trap Extractor 1946 | -10/Mines | Discovered new exit (range 8) 2003 | -10/Mines | Deemed a non-threat by the Exiles lab entrance 2004 | -10/Mines | Discovered new exit (range 5) 2013 | -10/Mines | Entered Exiles 2013 | -10/Exiles | Accompanied by 3 allies 2043 | -10/Exiles | Discovered new exit (range 15) 2058 | -10/Exiles | Met 8R-AWN 2083 | -10/Exiles | Met EX-HEX 2136 | -10/Exiles | Met EX-BIN 2165 | -10/Exiles | Aligned with FarCom system 2166 | -10/Exiles | Given EX-Vault access code 2202 | -10/Exiles | Opened EX-Vault 2214 | -10/Exiles | Found AWS/Thermal 2242 | -10/Exiles | Warned to stay clear of 0b10 Research branches 2283 | -10/Exiles | Met EX-DEC 2398 | -10/Exiles | Discovered new exit (range 10) 2476 | -10/Exiles | Left Exiles lab with AWS/Thermal 2476 | -10/Exiles | Entered Mines 2476 | -9/Mines | Accompanied by 3 allies 2508 | -9/Mines | Joined a pair of Derelicts in attacking an 0b10 outpost 2588 | -9/Mines | Core integrity fell below 20% 2867 | -9/Mines | Discovered new exit (range 5) 2880 | -9/Mines | Entered Materials 2880 | -8/Materials | Accompanied by 2 allies 2880 | -8/Materials | Evolved 4 slots: Propulsion x1, Utility x3 3937 | -8/Materials | Discovered new exit (range 10) 4047 | -8/Materials | Central database locked down 4657 | -8/Materials | Build established: Scavenger-Mutant 4780 | -8/Materials | Discovered new exit (range 15) 4883 | -8/Materials | Identified exit to Factory 4935 | -8/Materials | Entered Factory 4935 | -7/Factory | Evolved 2 slots: Power x1, Utility x1 4936 | -7/Factory | Identified exit to Storage 5211 | -7/Factory | Build established: Hacker-Mutant 6959 | -7/Factory | Lost 4 parts (2p1n1u) 7218 | -7/Factory | Core integrity fell below 50% 7220 | -7/Factory | Build established: Mutant 7221 | -7/Factory | Lost 6 parts (1p1n2u2w) 7254 | -7/Factory | Self-destructed Last Messages --------------- 07181_ R-06 Scavenger collects Carbon-fiber Leg. 07181_ Dropped Mni. Grenade Launcher. 07182_ Slammed into G-47 Trooper. 07184_ Acquired 63 matter. 07184_ Slammed into R-06 Scavenger. 07186_ Adv. Weight Redist. System destroyed. 07188_ Slammed into R-06 Scavenger. 07190_ Imp. ECM Suite destroyed. 07194_ Acquired Imp. Medium Armor Plating. 07197_ Acquired Unknown Treads. 07198_ Identified Med. Treads. 07208_ Slammed into G-47 Trooper. 07219_ System corrupted: Matter fused (-5). 07219_ Slammed into G-47 Trooper. 07225_ Cld. Airjet destroyed. 07231_ Slammed into R-06 Scavenger. 07248_ Acquired Arm. Treads. 07251_ Imp. Medium Armor Plating destroyed. 07252_ Acquired Arm. Treads. 07253_ M-28 Smith fits Backup Power III on R-06 Scavenger. Map ----- +----------------------------------------------------+ | ???????????????# # #???????????????? | | ???????????????# # #???????????????? | | ???????????????#####+##### #???????????????? | | ????????????####### #??# ] #???????????????? | | ????? #??### ###???????????????? | | ????????????####### #????# #?????????????????? | | ??????????????????## ##????# #?????????????????? | | ???????????????????# #?????# #?????????????????? | | ???????????????????# #?????# #?????????????????? | | ??????????########## #?????# #?????????????????? | | ??????????# # #?????# #?????????????????? | | ??????????# """ # #?????# ##########????????? | | ??????????# """ # #?##### ????? | | ??????????# " # ### # ######???????????? | | ??????????# "F" / T #????????????????? | | ??????????# """ # ### # #????????????????? | | ??????????# # ####+## #????????????????? | | ??????????# # ## # #????????????????? | | ??????????# # ## "" # #????????????????? | | ??????????########## ## "Y # #????????????????? | | ?????????????????### ## "" # #????????????????? | | ???????????????????# ## # #????????????????? | | ???????????????????#g## # #????????????????? | | ???????????????????#g####### r #????????????????? | | ???????????????????# ggg =! #????????????????? | | ???????????????????# g rs@! #????????????????? | | ???????????????????+ mss=! k + ???????????? | | ???????????????????# gs # ?????????? | | ???????????????????# """ #???####?????????? | | ???????????????????# """ #????????????????? | | ???????????????????# """ #????????????????? | | ???????????????????#+# #????????????????? | | ??????????????????? # !!! #????????????????? | | ??????????????????"" # !!! #????????????????? | | ?????????????????""" + !!! +????????????????? | | ???????????????????" # ? #"???????????????? | | ???????????????????" # ? #????????????????? | | ???????????????????" # ###??###????????????????? | | ???????????????????? # +???????????????????????? | | ???????????????????? ? ????????????????????????? | | ?????????????????????????????????????????????????? | | ?????????????????????????????????????????????????? | | ?????????????????????????????????????????????????? | | ?????????????????????????????????????????????????? | | ?????????????????????????????????????????????????? | | ?????????????????????????????????????????????????? | | ?????????????????????????????????????????????????? | | ?????????????????????????????????????????????????? | | ?????????????????????????????????????????????????? | | ?????????????????????????????????????????????????? | +----------------------------------------------------+ Best States ------------- Heat Dissipation 34 Energy Generation 27 Energy Capacity 315 Matter Stores 300 Matter Capacity 300 Sight Range 16 Terrain Scan Density 10 ECM Strength 3 Additional Mass Support 9 Armor Coverage 225 Evasion (%) 61 Recoil Reduction 2 Defensive Hacking 20 Item Schematics ----------------- ECM Suite | -10/Materials | Hacked System Shield | -8/Materials | Hacked Hacking Suite | -7/Factory | Hacked Robot Schematics ------------------ None Fabricated ------------ Nothing Alien Tech Used ----------------- None Achievements -------------- None Challenges ------------ None Game ------ Seed DecoderTerrainGun Manual? 0 Play Time 00:57:57 Cumulative 25.1 hours Start 2020.06.07 @ 21:20:35 End 2020.06.07 @ 22:22:17 Sessions 1 Manual Loads 0 Difficulty Rogue Special Mode None Game No. 55 Rogue 53 Adventurer 2 Explorer 0 Win Type - Total 0 Types 0/0/0/0/0/0/0 Lore% 32 Gallery% 37 Achievement% 28 Wizard Run 0 Options --------- ASCII 0 Keyboard 0 Movement Arrows Keybinds 0 Fullscreen 1 Font 18/SmallcapsGlow Map View 76x50 Tactical HUD 1 Map Filters NONE Filters NONE Steam 1 RUN: 033b5cd3-b081-403d-b119-1735717566e5